AoeStats
← La Gata bajo la lluvia

Nomad

506254898Analyzed
4v4 RM · 18d ago on Sep 12, 2026· 41m 27s· 8 players
Game mode
Random Map
Map size
231×231
Population
200
Speed
Normal
Resources
Standard
Victory
Conquest
Starting age
Dark Age
Ending age
Imperial Age
RankedLock teamsTeams togetherTeam positionsShared explorationLock speedFull tech treeHidden civsTurbo modeCheats
Victory
Defeat
🇦🇷 Ethiopians · Argentina
1235
+10
🇦🇷 Persians · Argentina
1164
+12
🇦🇷 Franks · Argentina
919
+67
🇨🇱 Khmer · Chile
796
+27
🇺🇸 Bengalis · United States
1114
-20
🇨🇱 Franks · Chile
1069
-18
🇨🇳 Hindustanis · China
1053
-17
🇲🇽 Aztecs · Mexico
1045
-17
Elma Kanon
14:27 Feudal Age
20:00 Castle Age
18:30 Horse Collar
19:52 Arson
20:23 Forging
23:27 Squires
24:39 Gambesons
26:47 Double-Bit Axe
27:17 Heavy Plow
30:44 Scale Mail Armor
32:25 Eagle Warrior
34:46 Pikeman
Jaimelens
14:09 Loom
15:55 Feudal Age
20:14 Castle Age
19:04 Double-Bit Axe
24:20 Stone Mining
24:22 Gold Mining
25:51 Fletching
29:12 Ballistics
29:50 Bodkin Arrow
32:07 Bow Saw
33:16 Wheelbarrow
35:26 Hand Cart
38:15 Husbandry
40:48 Imperial Age
39:23 Scale Barding Armor
39:29 Forging
mark_aoe_2024
5:36 Loom
14:52 Feudal Age
20:40 Castle Age
19:20 Double-Bit Axe
19:21 Horse Collar
19:45 Gold Mining
20:42 Bloodlines
20:40 Scale Barding Armor
20:37 Fishing Lines
21:42 Husbandry
24:16 Wheelbarrow
28:15 Sanctity
30:17 Forging
31:45 Hand Cart
33:33 Bow Saw
36:17 Imperial Age
34:33 Fletching
35:38 Chain Barding Armor
36:02 Heavy Plow
38:09 Plate Barding Armor
38:10 Iron Casting
40:36 Conscription
爱意随风起
5:26 Loom
12:57 Feudal Age
18:55 Forging
24:39 Castle Age
24:47 Fletching
42:07 Iron Casting
41:38 Scale Barding Armor
41:49 Bloodlines
La Gata bajo la lluvia
6:56 Loom
13:14 Feudal Age
13:48 Double-Bit Axe
14:23 Town Watch
16:19 Fletching
22:47 Castle Age
20:57 Gold Mining
21:58 Bloodlines
23:13 Scale Barding Armor
24:34 Wheelbarrow
24:54 Medium Warships
24:20 Light Cavalry
24:53 Horse Collar
29:36 Chain Barding Armor
33:52 Imperial Age
32:06 Forging
34:03 Cavalier
35:25 Iron Casting
38:03 Hand Cart
38:07 Bow Saw
37:59 Heavy Plow
38:34 Gold Shaft Mining
38:41 Plate Barding Armor
39:07 Blast Furnace
38:31 Conscription
39:34 Gold Shaft Mining
39:03 Elite Battle Elephant
40:26 Husbandry
41:05 Tusk Swords
JOITA8
15:46 Feudal Age
25:43 Castle Age
24:52 Double-Bit Axe
26:02 Loom
27:40 Squires
27:26 Gambesons
34:33 Wheelbarrow
36:05 Hand Cart
36:57 Ballistics
36:40 Husbandry
38:41 Gold Mining
38:41 Stone Mining
41:15 Gold Shaft Mining
Coco31724
4:09 Loom
9:23 Loom
15:06 Feudal Age
15:43 Double-Bit Axe
17:35 Town Watch
21:33 Wheelbarrow
26:54 Castle Age
26:31 Fletching
26:42 Padded Archer Armor
26:45 Scale Mail Armor
28:38 Scale Barding Armor
28:41 Elite Skirmisher
Surfista Boliviano
5:26 Loom
13:26 Feudal Age
17:24 Castle Age
15:13 Double-Bit Axe
16:42 Wheelbarrow
15:58 Town Watch
17:19 Horse Collar
18:17 Bow Saw
24:35 Scale Mail Armor
27:59 Forging
30:36 Chain Mail Armor
32:27 Wheelbarrow
31:44 Gold Mining
32:58 Iron Casting
32:30 Arson
32:47 Squires
36:58 Hand Cart
36:29 Town Watch
40:43 Imperial Age
39:05 Royal Heirs
40:50 Elite Shotel Warrior
42:01 Plate Mail Armor
42:35 Blast Furnace
Connection lost

Rejoining the realm…

Still unreachable

The connection could not be restored.

Session expired

The server has moved on; the page needs a fresh start.